 Dungeon Crawl Stone Soup version 0.28-a0-1510-gd0f6b136d3 (webtiles) character file.

Game seed: 17180953122457533357

78 bande the Covered (level 4, 0/29 HPs)
             Began as a Gargoyle Fighter on Jan 16, 2022.
             Slain by Crazy Yiuf (9 damage)
             ... on level 2 of the Dungeon.
             The game lasted 00:03:15 (2336 turns).

bande the Covered (Gargoyle Fighter)                Turns: 2336, Time: 00:03:16

Health: 0/29       AC: 10    Str: 20    XL:     4   Next: 36%
Magic:  4/4        EV:  9    Int:  8    God:
Gold:   135        SH:  4    Dex: 11    Spells: 3/3 levels left

rFire   . . .      SeeInvis .   a - +0 war axe
rCold   . . .      Faith    .   c - +0 buckler
rNeg    + . .      Spirit   .   b - +0 scale mail
rPois   ∞          Reflect  .   (no helmet)
rElec   +          Harm     .   (no cloak)
rCorr   .          Rampage  .   (no gloves)
Will    .....                   (no boots)
Stlth   ..........              (no amulet)
HPRegen 0.09/turn               (no ring)
MPRegen 0.09/turn               (no ring)

@: hasted, very quick
A: sickness immunity, AC +3, negative energy resistance 1, electricity
resistance, torment resistance 1, petrification resistance
a: no special abilities


You were on level 2 of the Dungeon.
You visited 1 branch of the dungeon, and saw 2 of its levels.

You collected 135 gold pieces.

Inventory:

Hand Weapons
 a - a +0 war axe (weapon)
 i - a +0 flail
Missiles
 e - 5 throwing nets (quivered)
Armour
 b - a +0 scale mail (worn)
 c - a +0 buckler (worn)
Jewellery
 j - a ring of magical power
Scrolls
 f - a scroll of fog {unknown}
 g - a scroll of enchant weapon {unknown}
 h - 4 scrolls of identify {unknown}
Potions
 d - a potion of might


   Skills:
 + Level 3.8 Fighting
 + Level 2.9 Axes
 + Level 3.9 Armour
 + Level 3.7 Shields


You had 3 spell levels left.
You didn't know any spells.
Your spell library contained the following spells:

 Spells                   Type           Power      Damage    Failure   Level
 Magic Dart               Conj           0%         1d3       85%         1
 Call Imp                 Summ           0%         N/A       94%         2
 Mephitic Cloud           Conj/Pois/Air  0%         N/A       99%         3


Dungeon Overview and Level Annotations

Branches:
Dungeon (2/15)

Altars:

Shops:
D:2 [?*[(

Annotations:
D:2 Crazy Yiuf


Innate Abilities, Weirdness & Mutations

You are immune to sickness and miasma.
Your stone body is resilient. (AC +3)
You are immune to poison.
You resist negative energy. (rN+)
You are resistant to electric shocks. (rElec)
You are resistant to unholy torment.
You are immune to petrification.


Message History

You kill the gnoll!
No target in view!
No target in view!
No target in view!
No target in view!
No target in view!
There is an open door, spattered with blood here.
You see here a +0 whip.
h - 4 scrolls labelled LIMUFOT POEL (gained 1)
There is an open door, spattered with blood here.
You see here a +0 whip.
There is an open door here.
There is a stone staircase leading up here.
There is an open door here.
There is an entrance to Jiezadong's Magic Scroll Shop here.
You open the door.
There is an open door here.
Crazy Yiuf shouts!
You open the door. You hit Crazy Yiuf but do no damage.
Crazy Yiuf hits you with a +2 quarterstaff of chaos.
Crazy Yiuf burns you.
You closely miss Crazy Yiuf. Crazy Yiuf closely misses you.
You slash Crazy Yiuf!
Crazy Yiuf is severely wounded.
Crazy Yiuf hits you with a +2 quarterstaff of chaos!
You feel yourself speed up. You block Crazy Yiuf's attack.
You closely miss Crazy Yiuf.
Crazy Yiuf is severely wounded.
Crazy Yiuf hits you with a +2 quarterstaff of chaos.
You barely miss Crazy Yiuf.
Crazy Yiuf is heavily wounded.
Crazy Yiuf hits you with a +2 quarterstaff of chaos.
You hit Crazy Yiuf.
Crazy Yiuf is severely wounded.
Crazy Yiuf completely misses you.
You closely miss Crazy Yiuf.
Crazy Yiuf is severely wounded.
Crazy Yiuf hits you with a +2 quarterstaff of chaos!
You die...

#.##.####.###.....♣♣♣♣
#.8.<.∩.8.# ##...♣♣.♣.
########### ##'#...♣P
#.#♣♣.♣♣ #.#♣.P..
##.###♣♣. ###
####...#.... #)..###
##........♣.♣
#...g@####........#♣♣♣
#...##..#.......#.#P♣.
### ###.#....#.#.#..♣
#######....♣♣♣.
##.#.♣.♣P ### #.#♣♣♣.P
#.####.#♣..P.
#........♣(.♣
######.##P♣♣.


You could see Crazy Yiuf.

Vanquished Creatures
  4 gnolls (D:2)
  An orc (D:2)
  3 ball pythons
  2 bats
  5 endoplasms
  4 giant cockroaches
  5 goblins
  2 hobgoblins (D:1)
  3 kobolds (D:1)
  3 quokkas (D:2)
  3 rats (D:1)
35 creatures vanquished.

Vanquished Creatures (others)
  10 plants (D:2)
10 creatures vanquished.

Grand Total: 45 creatures vanquished

Notes
Turn   | Place    | Note
-------+----------+-------------------------------------------
     0 | D:1      | bande the Gargoyle Fighter began the quest for the Orb.
     0 | D:1      | Reached XP level 1. HP: 14/14 MP: 1/1
   264 | D:1      | Reached XP level 2. HP: 19/19 MP: 2/2
  1112 | D:2      | Found Wutufrys's Antique Armour Boutique.
  1159 | D:2      | Found Jiezadong's Magic Scroll Shop.
  1257 | D:2      | Reached XP level 3. HP: 19/24 MP: 3/3
  1381 | D:2      | Found Bopopnei's Assorted Antiques.
  1394 | D:2      | Found Vuybish's Weapon Boutique.
  1865 | D:2      | Reached XP level 4. HP: 27/29 MP: 4/4
  2047 | D:2      | Found a runed translucent door.
  2048 | D:2      | Noticed Crazy Yiuf
  2078 | D:2      | Found Byowuxad's Armour Shoppe.
  2336 | D:2      | Slain by Crazy Yiuf

Illustrated notes

Levels and vault maps discovered:
D:1:      psy_arrival_basics, layout_basic
D:2:      wad_woods_settlement, layout_loops_corners, serial_shops,
          nicolae_shop_bloodbath_and_beyond, shop_statue, shop,
          nicolae_shop_advertising_works [nicolae_subvault_shop_adworks],
          nicolae_shop_overgrown_old_shop, serial_glass, glass_columns_c,
          glass_columns_b, uniq_crazy_yiuf_cottage

Skill      XL: |  1 |
---------------+----+-----
Axes           | 2 |  2.9
Fighting       | |  3.8
Armour         | |  3.9
Shields        | |  3.7

Action                   |  1- 3 |  4- 6 || total
-------------------------+-------+-------++-------
Melee: War axe           |   106 |    14 ||   120
Armor: Scale mail        |    60 |     5 ||    65
Dodge: Dodged            |    49 |     7 ||    56
Block: Buckler           |    23 |     1 ||    24

Table legend: (Time is in decaauts)
 A = Elapsed time spent in this place.
 B = Non-inter-level travel time spent in this place.
 C = Inter-level travel time spent in this place.
 D = Time resting spent in this place.
 E = Time spent auto-exploring this place.
 F = Levels seen in this place.
 G = Mean time per level.
                   A        B        C        D        E       F      G
               +--------+--------+--------+--------+--------+-----+--------+
         Total |   2385 |   2385 |      0 |      0 |   2018 |   2 | 1192.5 |
       Dungeon |   2385 |   2385 |      0 |      0 |   2018 |   2 | 1192.5 |
               +--------+--------+--------+--------+--------+-----+--------+

Top non-repeatable levels by time:
     D:2: 1244 daAuts
     D:1: 1141 daAuts
